cohdb
Replays
Latest Replays
All Replays
Popular Replays
Top Player Replays
Match Explorer
How It Works
Community
CoH3 Stats
Reddit
Sign in to upload your games and track your stats! →
Sign in with Steam
Match 42488734
Unlisted
Match 42488734
Overview
Messages
Build Orders
End
Construct Barracks
Selects Armored Battlegroup
Selects Armored Battlegroup
Riflemen Squad
Riflemen Squad
Riflemen Squad
Grenade Package
Riflemen Squad
Construct Weapon Support Center
Construct Medical Station
Selects Veteran Crews
Selects Field Repairs
Bazooka Squad
Improved M9 Bazooka Rockets
Mechanized Support Center
Selects War Machine
Bazooka Squad
Construct Tank Depot
Riflemen Squad
M4A1 Sherman Medium Tank
Salvage Crew
Selects Strength in Steel
Selects Seek and Destroy
Engineer Squad
M4A1 Sherman Medium Tank
M1919 Machine Gun Team
Selects M4A3E8 Sherman Combat Group
expoHyde
desertBeliever
0
0
Comments
sign in to comment!
No comments posted yet!